Map: Glittering Ashes LE

Players

bean

  • Race: Terran Terran
  • League: Platinum

Velath - Winner!

  • Race: Protoss Protoss
  • League: Platinum

VOD

Have the link to the VOD?

Description

Time

  • Played on: Dec. 22, 2021, 5:30 p.m.
  • Length: 15:00
Show
View Real Time Build Order
Export as new Build Order

bean Terran 

Build Orders:  

Get SALT Encoding   

  12  0:00  SCV  
  13  0:12  SCV  
  14  0:17  Supply Depot  
  14  0:24  SCV  
  15  0:38  SCV  
  15  0:39  Barracks  
  16  0:50  SCV  
  17  1:02  SCV  
  18  1:06  Refinery  
  18  1:14  SCV  
  19  1:34  Command Center  
  19  1:46  Orbital Command  
  19  1:54  Barracks Reactor  
  19  2:15  SCV  
  20  2:17  Barracks  
  20  2:19  Barracks  
  20  2:27  SCV  
  21  2:34  Marine x2  
  23  2:40  Refinery  
  23  2:46  SCV  
  23  2:48  Orbital Command  
  24  2:51  Supply Depot  
  24  2:53  Marine x2  
  26  3:02  SCV  
  27  3:06  Barracks Tech Lab  
  27  3:10  Barracks Tech Lab  
  27  3:14  SCV  
  27  3:16  Supply Depot  
  27  3:17  Marine  
  27  3:18  Marine  
  30  3:24  SCV  
  30  3:26  SCV  
  32  3:35  Stimpack  
  32  3:36  SCV, Combat Shield  
  32  3:38  SCV  
  32  3:40  Marine  
  32  3:41  Marine  
  35  3:42  Marine  
  35  3:45  Marine  
  38  3:48  SCV  
  38  3:53  SCV  
  40  3:58  Marine  
  40  4:00  SCV  
  40  4:01  Factory  
  42  4:11  SCV  
  42  4:13  Marine x3, SCV  
  42  4:14  Supply Depot  
  42  4:15  Marine  
  48  4:26  SCV x2  
  48  4:31  Marine x2  
  50  4:33  Marauder  
  50  4:38  SCV, Supply Depot  
  55  4:48  SCV  
  55  4:49  Marine x2, Marauder  
  55  4:50  SCV  
  61  4:54  Starport  
  61  4:55  Factory Reactor  
  63  5:00  Marauder, SCV  
  63  5:06  Marine  
  64  5:07  Marine  
  64  5:08  Engineering Bay  
  64  5:10  Marine  
  67  5:18  Supply Depot  
  67  5:20  Marine  
  68  5:22  SCV x2  
  68  5:25  Supply Depot  
  70  5:31  Concussive Shells  
  70  5:40  Marine x2, Marauder, SCV  
  75  5:43  SCV  
  75  5:46  Marine  
  75  5:47  Medivac  
  75  5:48  Medivac  
  81  5:50  Factory Tech Lab  
  81  5:52  SCV  
  81  5:56  SCV  
  83  5:57  Marine x2  
  83  6:00  Supply Depot  
  83  6:04  Marine, Supply Depot  
  85  6:09  Terran Infantry Weapons Level 1  
  86  6:18  Refinery  
  86  6:19  Refinery  
  86  6:21  Marine x2  
  86  6:22  Marauder x2, SCV x2  
  86  6:23  Supply Depot  
  94  6:28  Command Center, Supply Depot  
  94  6:29  Siege Tank  
  97  6:34  SCV x2  
  97  6:39  Marine x2  
  101  6:45  Marauder  
  101  6:46  SCV x2  
  105  6:49  Supply Depot  
  105  6:51  Supply Depot  
  105  6:54  Marine  
  105  6:57  Marine  
  105  6:58  SCV  
  108  7:01  Siege Tank  
  108  7:07  Marauder  
  113  7:12  Marauder  
  97  7:19  Marine x2  
  88  7:25  Medivac  
  88  7:28  Marauder  
  91  7:33  Marine, Siege Tank  
  91  7:37  Marine x2  
  93  7:49  Marine  
  93  7:51  Marine, Supply Depot  
  94  7:53  Barracks  
  94  7:54  Supply Depot  
  94  7:55  Barracks  
  95  8:04  Terran Infantry Armor Level 1  
  95  8:05  Siege Tank  
  95  8:08  Medivac, Armory, Engineering Bay  
  95  8:10  Marine  
  95  8:11  Marine x3  
  104  8:19  Orbital Command  
  104  8:20  SCV x2  
  104  8:27  Medivac  
  108  8:28  Marine x2  
  108  8:29  Marine x2  
  108  8:32  SCV x2  
  114  8:38  Siege Tank  
  117  8:45  Supply Depot  
  117  8:46  Marine x3, Barracks Tech Lab, Supply Depot  
  117  8:47  Marine, Barracks Tech Lab  
  121  9:03  Medivac  
  121  9:04  Marine x4  
  121  9:08  Supply Depot x2  
  127  9:10  Siege Tank  
  127  9:11  SCV x3  
  133  9:19  Terran Infantry Weapons Level 2  
  133  9:22  Marine x4  
  133  9:23  Marauder x2, SCV x3  
  133  9:24  Refinery x2  
  144  9:35  SCV x3  
  147  9:40  Marine x3, Marauder, Medivac  
  147  9:44  Marauder x2  
  158  9:45  Siege Tank  
  158  9:47  SCV x3  
  164  9:57  Marine  
  164  9:59  Marauder  
  167  10:05  Marauder  
  169  10:07  Marine x2  
  169  10:08  Marine  
  169  10:09  Command Center  
  169  10:12  Medivac  
  174  10:15  Marine  
  174  10:17  Siege Tank  
  174  10:20  Marauder  
  180  10:26  Marauder x2  
  180  10:27  Marauder  
  185  10:38  Marine x2  
  185  10:41  Marauder  
  188  10:47  Marauder x2  
  188  10:48  Marine  
  193  10:55  Marine  
  193  10:56  Marine  
  195  10:59  SCV x2  
  197  11:15  Marine x2  
  197  11:16  Marine, SCV  
  197  11:17  Marine  
  197  11:20  Marine  
  197  11:21  SCV x2  
  197  11:22  Medivac  
  200  11:30  Siege Tank  
  192  11:33  SCV  
  192  11:35  Marauder  
  192  11:38  Marauder  
  179  11:48  Marine x4  
  179  11:51  Command Center  
  126  12:01  Marine x2  
  126  12:02  Siege Tank  
  126  12:06  Marine x2  
  126  12:07  Marauder x2  
  108  12:19  Marauder  
  108  12:20  Marauder  
  95  12:24  Marine x2  
  95  12:28  Marine x2  
  92  12:34  Siege Tank  
  92  12:36  Medivac  
  92  12:37  Medivac  
  94  12:40  Marine x2  
  94  12:41  Marine  
  94  12:42  Marine  
  92  12:45  Marine x2  
  92  12:47  SCV x2  
  96  12:58  Marine x2, Terran Vehicle Weapons Level 1  
  96  12:59  Marine x2, SCV x2  
  96  13:04  Marauder x2  
  106  13:06  Siege Tank, Medivac  
  106  13:07  Medivac  
  106  13:12  Command Center  
  113  13:16  Marine x2  
  113  13:17  Marine x2  
  117  13:25  Marine x2  
  119  13:29  Orbital Command  
  119  13:34  Marine, Marauder  
  119  13:39  Marine x2, Siege Tank  
  127  13:41  Medivac  
  127  13:42  Marine  
  127  13:43  Marauder  
  132  13:52  Marauder  
  134  13:56  Marine, Marauder, SCV x3  
  134  13:57  Refinery  
  134  14:01  Marine x2  
  142  14:04  Marine  
  142  14:08  SCV x3  
  146  14:11  Supply Depot  
  146  14:20  SCV x3  
  149  14:29  Viking x2  
  149  14:30  Marine x3  
  149  14:31  Marauder x3  
Show
View Real Time Build Order
Export as new Build Order

Velath Protoss - Winner!

Build Orders: Colossus Rush 

Get SALT Encoding   

  12  0:02  Probe  
  13  0:15  Probe  
  13  0:18  Pylon  
  14  0:27  Probe  
  15  0:40  Gateway  
  15  0:46  Probe (Chrono Boost)  
  16  0:50  Assimilator  
  16  0:58  Probe (Chrono Boost)  
  17  1:05  Probe (Chrono Boost)  
  18  1:12  Probe  
  19  1:25  Probe  
  20  1:30  Cybernetics Core  
  20  1:35  Pylon  
  20  1:37  Assimilator  
  20  1:39  Probe  
  21  1:52  Nexus  
  21  1:56  Probe (Chrono Boost)  
  22  2:06  Pylon  
  23  2:08  Probe (Chrono Boost)  
  23  2:10  Stalker (Chrono Boost)  
  25  2:17  Probe (Chrono Boost)  
  25  2:20  Warp Gate  
  26  2:22  Probe  
  27  2:36  Robotics Facility  
  27  2:40  Probe  
  28  2:44  Sentry  
  30  2:52  Probe  
  31  3:04  Probe  
  31  3:05  Probe  
  33  3:08  Assimilator  
  33  3:15  Twilight Council  
  33  3:18  Stalker  
  35  3:26  Immortal (Chrono Boost)  
  35  3:33  Probe (Chrono Boost)  
  41  3:36  Probe (Chrono Boost)  
  41  3:44  Probe (Chrono Boost)  
  41  3:47  Probe (Chrono Boost)  
  43  3:48  Gateway  
  43  3:53  Probe  
  44  3:55  Pylon  
  44  3:57  Probe (Chrono Boost)  
  44  3:59  Observer  
  46  4:08  Assimilator, Charge (Chrono Boost)  
  46  4:09  Probe x2 (Chrono Boost)  
  48  4:12  Zealot  
  50  4:18  Probe (Chrono Boost)  
  50  4:20  Probe (Chrono Boost)  
  52  4:26  Forge  
  52  4:31  Probe  
  52  4:36  Probe  
  54  4:45  Probe  
  55  4:50  Zealot x2  
  55  4:51  Probe  
  60  4:57  Pylon  
  60  5:02  Robotics Bay  
  60  5:03  Probe  
  60  5:06  Pylon  
  61  5:10  Pylon  
  61  5:15  Immortal  
  65  5:23  Protoss Ground Weapons Level 1 (Chrono Boost), Photon Cannon  
  65  5:29  Gateway  
  65  5:31  Gateway  
  65  5:33  Zealot  
  65  5:34  Pylon  
  67  5:38  Probe x2  
  69  5:48  Extended Thermal Lance (Chrono Boost)  
  69  5:50  Probe x2  
  69  5:54  Colossus  
  77  6:02  Probe  
  78  6:07  Probe  
  78  6:10  Shield Battery  
  79  6:14  Pylon, Probe  
  80  6:20  Zealot x2  
  80  6:22  Probe  
  85  6:28  Probe  
  86  6:36  Probe  
  86  6:39  Photon Cannon  
  87  6:47  Colossus  
  87  6:48  Nexus  
  93  6:57  Probe  
  93  6:59  Zealot x3  
  100  7:06  Pylon  
  87  7:14  Zealot  
  78  7:15  Probe  
  78  7:21  Zealot x3  
  76  7:25  Probe  
  76  7:27  Probe  
  74  7:31  Pylon  
  74  7:39  Nexus  
  74  7:40  Probe (Chrono Boost)  
  74  7:43  Colossus (Chrono Boost)  
  76  7:45  Probe (Chrono Boost)  
  76  7:51  Probe (Chrono Boost)  
  83  7:54  Probe (Chrono Boost)  
  84  7:59  Shield Battery  
  84  8:01  Shield Battery  
  84  8:02  Probe, Pylon  
  84  8:05  Probe  
  86  8:09  Zealot x2  
  90  8:22  Probe  
  90  8:26  Probe  
  92  8:27  Pylon  
  92  8:32  Zealot x4  
  101  8:34  Probe  
  101  8:42  Templar Archives  
  101  8:46  Colossus (Chrono Boost)  
  101  8:47  Protoss Ground Weapons Level 2 (Chrono Boost), Assimilator  
  101  8:52  Assimilator  
  107  9:02  Pylon  
  107  9:12  Probe  
  107  9:13  Photon Cannon, Probe  
  109  9:27  Photon Cannon  
  109  9:33  Robotics Facility, Colossus (Chrono Boost)  
  109  9:35  Pylon  
  115  9:39  Probe x3  
  115  9:44  Nexus  
  118  9:46  Pylon  
  118  9:56  Probe x3  
  118  9:58  Psionic Storm  
  121  10:01  Pylon  
  121  10:02  High Templar  
  121  10:03  High Templar x3  
  129  10:18  Gateway, Colossus (Chrono Boost)  
  129  10:21  Gateway  
  129  10:23  Gateway  
  129  10:25  Probe  
  129  10:26  Gateway, Probe  
  137  10:30  Probe  
  138  10:39  High Templar x4  
  138  10:42  Archon  
  145  10:44  Archon  
  145  10:46  Probe  
  146  10:54  Photon Cannon  
  146  10:57  Assimilator  
  146  11:00  Observer (Chrono Boost)  
  146  11:02  Assimilator  
  147  11:04  Pylon  
  146  11:28  Zealot x4  
  146  11:29  Zealot x4  
  158  11:41  Probe x2  
  148  11:59  Zealot  
  148  12:00  Zealot x5, Colossus x2 (Chrono Boost)  
  148  12:01  Zealot x2  
  150  12:20  Gateway  
  150  12:22  Gateway  
  144  12:24  Gateway  
  140  12:32  Probe  
  140  12:33  Stalker  
  140  12:34  Stalker x2, Probe  
  146  12:41  Photon Cannon  
  146  12:44  Photon Cannon, Colossus (Chrono Boost)  
  148  12:57  High Templar x3  
  148  12:58  High Templar x3  
  160  13:01  Archon  
  160  13:02  Archon x2  
  160  13:06  Colossus (Chrono Boost)  
  166  13:19  Gateway  
  166  13:22  Gateway x2  
  166  13:25  Photon Cannon  
  166  13:26  Photon Cannon  
  166  13:29  Photon Cannon x2, Shield Battery  
  166  13:30  Colossus  
  172  13:34  Shield Battery  
  172  13:36  Shield Battery  
  172  13:38  High Templar x2  
  172  13:39  High Templar x2  
  172  13:40  Photon Cannon  
  180  13:48  Pylon  
  180  13:56  Pylon  
  180  14:01  Pylon  
  180  14:02  Pylon  
  180  14:06  Nexus, Colossus  
  180  14:07  Pylon  
  186  14:12  Nexus  
  186  14:16  High Templar x4  
  186  14:17  High Templar  
  196  14:20  Archon x2  
  196  14:21  Pylon  
  196  14:33  Photon Cannon  
Tags
 
Add a new tag
Caveats
  • Supply blocks, unpowered buildings, or Contaminate may cause inaccurate times.
  • Supply counts are checked every 10 seconds.